 Dungeon Crawl Stone Soup version 0.19.0-11-g3fc08b3 (webtiles) character file.

133 Andry07 the Skirmisher (level 5, -8/36 HPs)
             Began as a Gargoyle Fighter on Nov 9, 2016.
             Mangled by a wyvern (9 damage)
             ... on level 3 of the Dungeon.
             The game lasted 00:03:02 (2193 turns).

Andry07 the Skirmisher (Gargoyle Fighter)           Turns: 2193, Time: 00:03:03

Health: -8/36      AC: 12    Str: 19    XL:     5   Next: 16%
Magic:  5/5        EV:  7    Int:  9    God:
Gold:   137        SH:  9    Dex: 10    Spells: 0 memorised, 4 levels left

rFire  . . .     SeeInvis .     a - +0 flail
rCold  . . .     Gourm    .     b - +0 scale mail
rNeg   + . .     Faith    .     c - +0 shield
rPois  ∞         Spirit   .     (no helmet)
rElec  +         Reflect  .     r - +0 cloak
rCorr  .         Harm     .     (no gloves)
MR     .....                    (no boots)
Stlth  ..........               (no amulet)
                                (no ring)
                                (no ring)

@: no status effects
A: negative energy resistance 1, electricity resistance, unbreathing,
petrification resistance, rot immunity, AC +4
a: no special abilities


You were on level 3 of the Dungeon.
You were hungry.

You visited 1 branch of the dungeon, and saw 3 of its levels.

You collected 137 gold pieces.

Inventory:

Hand Weapons
 a - a +0 flail (weapon)
Armour
 b - a +0 scale mail (worn)
 c - a +0 shield (worn)
 r - a +0 cloak (worn)
Jewellery
 l - an uncursed ring of stealth {unknown}
Scrolls
 h - a scroll of magic mapping {unknown}
 j - a scroll of teleportation {unknown}
 m - 3 scrolls of identify {unknown}
 o - a scroll of recharging {unknown}
 p - a scroll of enchant weapon {unknown}
 q - a scroll of random uselessness {unknown}
Potions
 d - a potion of might
 e - a potion of haste {unknown}
 g - a potion of invisibility {unknown}
 k - a potion of flight {unknown}
 n - 4 potions of curing {unknown}
 s - a potion of resistance {unknown}
 v - 2 potions of ambrosia {unknown}
Comestibles
 f - a bread ration
 i - 5 fruits
 t - a meat ration
 u - a beef jerky


   Skills:
 + Level 6.2 Fighting
 - Level 2.0 Maces & Flails
 - Level 3.2 Armour
 - Level 3.2 Shields


You had 4 spell levels left.
You didn't know any spells.

Dungeon Overview and Level Annotations

Branches:
Dungeon (3/15)

Altars:
Gozag
Hepliaklqana
Xom

Annotations:
D:3 Sigmund


Innate Abilities, Weirdness & Mutations

You are resistant to torment.
Your stone body is resilient. (AC +4)
You are immune to poison.
You resist negative energy. (rN+)
You are resistant to electric shocks. (rElec)
You can survive without breathing.
You are immune to petrification.
You are immune to rotting.


Message History

The wyvern closely misses you. You block the wyvern's attack.
You closely miss the wyvern.
The wyvern is almost dead.
You block the wyvern's attack. x2
You hit the wyvern but do no damage.
The wyvern is almost dead.
You block the wyvern's attack. x2
You closely miss the wyvern.
The wyvern is almost dead.
The wyvern barely misses you. The wyvern bites you!
* * * LOW HITPOINT WARNING * * *
You hit the wyvern but do no damage.
The wyvern is almost dead.
The wyvern bites you but does no damage.
You block the wyvern's attack.
You completely miss the wyvern.
The wyvern is almost dead.
The wyvern bites you but does no damage.
The wyvern bites you!
You die...

..# ... ### . #.# #.. ..
#.# #.# #.# #.# #.# #.#
#.# #.# #l###.### #.#.#
#.# #@#.....# #.#.#
#)####.#.....# #.#.#
#.#..........# #.#.#
##............#
#>#.######....##.#.....#
#.....#).....(...##.####
.)....#.##.#..#####.#
#.......##.#..#####.#####
..............(.((......#


You could see a wyvern.

Vanquished Creatures
  4 adders
  An ooze (D:2)
  A worm (D:2)
  A dart slug (D:2)
  2 leopard geckos (D:2)
  9 orcs (D:3)
  2 giant cockroaches
  7 goblins
  13 hobgoblins
  4 jackals (D:3)
  3 ball pythons
  10 bats
  3 frilled lizards
  5 kobolds
  9 rats
74 creatures vanquished.

Notes
Turn   | Place    | Note
-------+----------+-------------------------------------------
     0 | D:1      | Andry07 the Gargoyle Fighter began the quest for the Orb.
     0 | D:1      | Reached XP level 1. HP: 14/14 MP: 1/1
   182 | D:1      | Reached XP level 2. HP: 15/20 MP: 2/2
   381 | D:1      | Reached skill level 4 in Fighting
   879 | D:1      | Reached XP level 3. HP: 24/24 MP: 3/3
  1136 | D:2      | Reached skill level 5 in Fighting
  1285 | D:2      | Reached XP level 4. HP: 27/31 MP: 4/4
  1319 | D:2      | Found an opulent altar of Gozag.
  1408 | D:2      | Found a faded altar of an unknown god.
  1560 | D:2      | Found a hazy altar of Hepliaklqana.
  1561 | D:2      | Found a shimmering altar of Xom.
  1561 | D:2      | Noticed an earth elemental
  1562 | D:2      | Noticed a spectral ugly thing
  1562 | D:2      | Noticed an earth elemental
  1784 | D:3      | Reached skill level 6 in Fighting
  1803 | D:3      | Reached XP level 5. HP: 32/36 MP: 5/5
  1888 | D:3      | Noticed Sigmund
  2180 | D:3      | Noticed a wyvern
  2191 | D:3      | HP: 1/36 [wyvern (7)]
  2193 | D:3      | Mangled by a wyvern

Skill      XL: |  1  2  3  4 |
---------------+-------------+-----
Fighting       | 4 5 6 |  6.2
Maces & Flails | |  2.0
Armour         | |  3.2
Shields        | |  3.2

Action                   |  1- 3 |  4- 6 || total
-------------------------+-------+-------++-------
Melee: Flail             |   184 |   132 ||   316
  Eat: Chunk             |     2 |     2 ||     4
Armor: Scale mail        |   119 |   114 ||   233
Dodge: Dodged            |    59 |    54 ||   113
Block: Shield            |   107 |    91 ||   198
